 Dungeon Crawl Stone Soup version 0.28-b1-1-g3c77fb2ed1 (webtiles) character file.

Game seed: 11324460004409154757

116 unlimited1921 the Magician (level 5, -2/36 HPs)
             Began as a Djinni Fire Elementalist on Jan 30, 2022.
             Slain by a hobgoblin (5 damage)
             ... led by Robin
             ... on level 4 of the Dungeon.
             The game lasted 00:10:44 (3484 turns).

unlimited1921 the Magician (DjFE)                   Turns: 3484, Time: 00:10:44

Health: -2/36      AC:  2    Str:  7    XL:     5   Next: 20%
Gold:   47         EV: 13    Int: 18    God:
                   SH:  0    Dex: 14

rFire   + + .      SeeInvis .   h - +0 hunting sling
rCold   x . .      Faith    .   (no shield)
rNeg    . . .      Spirit   .   a - +0 robe
rPois   ∞          Reflect  .   (no helmet)
rElec   .          Harm     .   (no cloak)
rCorr   .          Rampage  .   (no gloves)
Will    .....                   (boots unavailable)
Stlth   ++........              (no amulet)
HPRegen 0.12/turn               (no ring)
MPRegen 0.00/turn               (no ring)

@: attractive, flying, slowed, very slow
A: sickness immunity, fire resistance 2, cold vulnerability 1, float, innate
caster, hp casting, extra vitality 1
a: no special abilities


You were on level 4 of the Dungeon.
You visited 1 branch of the dungeon, and saw 4 of its levels.

You collected 47 gold pieces.

Inventory:

Hand Weapons
 c - a +0 spear
 d - a +0 mace
 e - a +0 short sword
 h - a +0 hunting sling (weapon)
 j - a +1 dagger of venom
 m - a +0 whip of draining
 r - a +0 shortbow
Missiles
 f - 72 stones (quivered ammo)
 i - 5 poisoned darts
Armour
 a - a +0 robe (worn)
Scrolls
 b - a scroll of holy word {unknown}
 l - 3 scrolls of identify {unknown}
 o - a scroll of noise {unknown}
 q - a scroll of torment {unknown}
 s - a scroll of enchant weapon {unknown}
 t - a scroll of blinking {unknown}
Potions
 g - 3 potions of attraction
 k - a potion of curing {unknown}
 n - a potion of invisibility {unknown}
 p - 2 potions of mutation {unknown}


   Skills:
 * Level 0.5 Fighting
 + Level 0.1 Maces & Flails
 + Level 1.1 Slings
 * Level 0.1(0.6) Throwing
 * Level 3.1 Dodging
 + Level 2.0 Stealth
 * Level 3.4 Spellcasting


You couldn't memorise any spells.
You knew the following spells:

 Your Spells              Type           Power      Damage    Failure   Level
a - Foxfire               Conj/Fire      60%        2x1d7     3%          1
b - Scorch                Fire           30%        2d7       6%          2
c - Conjure Flame         Conj/Fire      15%        6-21      12%         3
d - Inner Flame           Hex/Fire       15%        N/A       12%         3
e - Flame Wave            Conj/Fire      15%        2d6       36%         4
f - Sting                 Tmut/Pois      60%        1d6       3%          1
g - Searing Ray           Conj           30%        2d5       6%          2
Your spell library was empty.

Dungeon Overview and Level Annotations

Branches:
Dungeon (4/15)
 Temple: D:4-7

Altars:

Annotations:
D:3 Natasha, Robin


Innate Abilities, Weirdness & Mutations

You are immune to sickness and miasma.
You are immune to poison.
Your flesh is very heat resistant. (rF++)
You are vulnerable to cold. (rC-)
You float through the air rather than walking.
You learn spells naturally, not from books.
Your magical power is your life essence.
You have superior vitality. (+4 MHP)


Message History

Natasha's front paws start to glow.
Robin throws the goblin at you! The goblin hits you but does no damage.
Casting: Foxfire (safe; 3% risk of failure)
Confirm with . or Enter, or press ? or * to list all spells.
You conjure some foxfire!
The goblin hits you with a +0 dagger.
The crimson imp blinks!
The foxfire hits the crimson imp.
The crimson imp completely resists.
The foxfire hits the crimson imp.
The crimson imp completely resists.
The goblin hits you with a +0 dagger.
The crimson imp blinks!
The goblin no longer looks unusually strong.
Natasha casts a spell at you.
You feel yourself slow down.
The crimson imp blinks!
There is a stone staircase leading down here.
The hobgoblin no longer looks unusually strong.
Robin roars a battlecry!
The goblins go into a battle-frenzy!
The hobgoblin closely misses you. The goblin hits you with a +0 dagger.
The crimson imp hits you.
* * * LOW HITPOINT WARNING * * *
Natasha misses you.
The crimson imp blinks!
The hobgoblin barely misses you. The crimson imp hits you.
* * * LOW HITPOINT WARNING * * *
The goblin hits you with a +0 dagger.
* * * LOW HITPOINT WARNING * * *
You fly downwards.
You hear the sound of rushing water.
There is an entrance to a sewer on this level.
Hurry and find it before the portal rusts away!
The ball python hisses angrily.
Found a mace.
There is a stone staircase leading up here.
Casting: Foxfire (safe; 3% risk of failure)
Confirm with . or Enter, or press ? or * to list all spells.
You don't know that spell.
Unknown command.
It was a potion of attraction.
You feel attractive to monsters.
The goblin no longer looks unusually strong.
The hobgoblin hits you.
You die...

... . .. #
..###.. .####
..S..#. ....#
.)..... #....#
.......#.....#
.......gg..#
#@# ###


You could see a hobgoblin (strong), a goblin and a ball python.

Vanquished Creatures
  Natasha (D:3)
  3 adders
  An adder skeleton (D:2)
  A worm (D:2)
  2 dart slugs
  5 bats
  6 endoplasms
  4 giant cockroaches
  11 goblins
  3 hobgoblins (D:3)
  4 ball pythons
  A frilled lizard (D:2)
  6 kobolds
  3 rats
51 creatures vanquished.

Vanquished Creatures (others)
  126 foxfires
126 creatures vanquished.

Grand Total: 177 creatures vanquished

Notes
Turn   | Place    | Note
-------+----------+-------------------------------------------
     0 | D:1      | unlimited1921 the Djinni Fire Elementalist began the quest
                  | for the Orb.
     0 | D:1      | Reached XP level 1. HP: 15/15 MP: 0/0
   430 | D:1      | Reached XP level 2. HP: 20/21 MP: 0/0
   718 | D:1      | Found a faded altar of an unknown god.
   872 | D:1      | Reached XP level 3. HP: 12/25 MP: 0/0
   872 | D:1      | Learned a level 1 spell: Sting
  2440 | D:2      | Reached XP level 4. HP: 16/31 MP: 0/0
  3250 | D:3      | Noticed Natasha
  3260 | D:3      | Killed Natasha
  3261 | D:3      | Reached skill level 1 in Slings
  3337 | D:3      | Reached XP level 5. HP: 32/36 MP: 0/0
  3337 | D:3      | Learned a level 2 spell: Searing Ray
  3445 | D:3      | Noticed Robin
  3463 | D:3      | Noticed Natasha
  3484 | D:4      | Slain by a hobgoblin

Illustrated notes

Levels and vault maps discovered:
D:1:      co_arrival_square_in_a_square_in_a_square, layout_basic,
          hellmonk_ecumenical_altar_inner_sanctum
D:2:      layout_rooms, serial_glass, glass_columns_a, glass_columns_a
D:3:      layout_loops_ring, serial_rivers, chequers_serial_rivers_micro_d,
          chequers_serial_rivers_micro_e, chequers_serial_rivers_micro_b,
          chequers_serial_rivers_micro_b, chequers_serial_rivers_room_b,
          minmay_pentomino_pile, uniq_natasha, uniq_robin
D:4:      layout_cave_pools, gup_sewer_entry_bubbles

Skill      XL: |  1  2  3  4 |
---------------+-------------+-----
Spellcasting   | 3 |  3.4
Slings         | 1 |  1.1
Dodging        | 3 |  3.1
Stealth        | 2 |  2.0
Fighting       | |  0.5
Maces & Flails | |  0.1
Throwing       | |  0.1

Action                   |  1- 3 |  4- 6 || total
-------------------------+-------+-------++-------
Melee: Mace              |     1 |       ||     1
 Fire: Hunting sling     |    28 |    12 ||    40
 Cast: Foxfire           |    45 |    34 ||    79
  Use: Potion            |       |     1 ||     1
Armor: Robe              |     2 |     2 ||     4
Dodge: Dodged            |    17 |    11 ||    28
